 Dungeon Crawl Stone Soup version bcrawl-1.28 (webtiles) character file.

Game seed: 2664460035122144700

175599 LostNumber the Skirmisher (level 6, -6/48 HPs)
             Began as a Demonspawn Archaeologist on Nov 17, 2020.
             Mangled by an ogre
             ... wielding a +0 giant club
              (12 damage)
             ... on level 4 of the Dungeon.
             The game lasted 00:06:30 (4088 turns).

LostNumber the Skirmisher (DsAc)                    Turns: 4088, Time: 00:06:31

Health: -6/48      AC: 15    Str: 13    XL:     6   Next: 93%
Magic:  6/6        EV: 13    Int: 15    God:
Gold:   188        SH:  0    Dex: 12    Spells: 5/5 levels left

rFire    . . .     SeeInvis .   f - +4 long sword (drain)
rCold    . . .     Gourm    .   (no shield)
rNeg     . . .     Faith    .   b - +1 robe
rPois    .         Spirit   .   c - +1 hat
rElec    .         Reflect  .   (no cloak)
rCorr    .         Harm     .   (no gloves)
MR       .....                  d - +1 pair of boots
Stlth    ++........             (no amulet)
HPRegen  0.16/turn              (no ring)
MPRegen  0.10/turn              (no ring)

@: sanguine armour
A: demonic guardian 1, sanguine armour 2
a: no special abilities


You were on level 4 of the Dungeon.
You were not hungry.

You visited 1 branch of the dungeon, and saw 4 of its levels.

You collected 188 gold pieces.

Inventory:

Hand Weapons
 a - a +0 whip
 f - a +4 long sword of draining (weapon)
   (You acquired it on level 3 of the Dungeon)
 t - a +0 flail
   (You took it off a gnoll on level 2 of the Dungeon)
 u - a +1 flail of protection
   (You took it off Terence on level 3 of the Dungeon)
Armour
 b - a +1 robe (worn)
 c - a +1 hat (worn)
 d - a +1 pair of boots (worn)
 j - a +0 medium shield
   (You found it on level 1 of the Dungeon)
Scrolls
 g - 2 scrolls of magic mapping
 i - a scroll of blinking {unknown}
 k - a scroll of teleportation {unknown}
 n - 7 scrolls of identify {@r1}
 p - 3 scrolls of immolation {unknown}
 s - a scroll of amnesia {unknown}
 v - a scroll of fog {unknown}
Potions
 l - a potion of ambrosia {unknown}
 m - a potion of mutation {unknown}
 o - a potion of curing {unknown}
 q - 2 potions of brilliance {unknown}
 r - a potion of resistance {unknown}
 w - a potion of degeneration {unknown}
Comestibles
 e - 6 rations {!d!d}
 h - 3 chunks of flesh


   Skills:
 + Level 3.9 Fighting
 * Level 3.1 Long Blades
 - Level 0.8 Maces & Flails
 - Level 2.1 Armour
 - Level 3.7 Dodging
 - Level 3.0 Stealth
 + Level 2.0 Shields


You had 5 spell levels left.
You didn't know any spells.
Your spell library contained the following spells:

 Spells                   Type           Power        Failure   Level  Hunger
 Confuse                  Hex            #.......     63%         3    #####..
 Dazzling Orbs            Conj/Hex       #......      63%         3    #####..
 Petrify                  Tmut/Erth      #.........   95%         4    ######.
 Yara's Violent Unravell  Hex/Tmut       #.........   95%         4    ######.
 Metabolic Englaciation   Hex/Ice        #.........   100%        5    #######
 Mana Rupture             Conj/Hex       #.........   100%        7    #######


Dungeon Overview and Level Annotations

Branches:
Dungeon (4/12)
 Temple: D:4-7

Altars:
Ashenzari
Kikubaaqudgha
Nemelex Xobeh
Qazlal
Trog
Vehumet
Xom
The Shining One


Innate Abilities, Weirdness & Mutations

A weak demonic guardian rushes to your aid.
When seriously injured, your bleeding wounds create thick armour. (AC +9)


Message History

The hippogriff barely misses you.
The hippogriff claws you but does no damage.
Your quasit bites the hippogriff.
Your quasit claws the hippogriff but does no damage. x2
You closely miss the hippogriff. The ogre hits you with a +0 giant club!
Your blood congeals into armour.
Your quasit barely misses the hippogriff.
Your quasit claws the hippogriff but does no damage.
Your quasit claws the hippogriff.
The hippogriff bites you but does no damage.
The hippogriff pecks you but does no damage.
The hippogriff claws you but does no damage.
You hit the hippogriff.
Your quasit barely misses the hippogriff.
Your quasit claws the hippogriff.
Your quasit claws the hippogriff but does no damage.
The hippogriff bites you but does no damage.
The hippogriff pecks you but does no damage.
The hippogriff barely misses you.
The ogre hits you with a +0 giant club!!
* * * LOW HITPOINT WARNING * * *
Your quasit barely misses the hippogriff.
Your quasit claws the hippogriff but does no damage. x2
The hippogriff closely misses you. The hippogriff completely misses you.
The hippogriff claws you but does no damage.
You swap places.
Your quasit barely misses the hippogriff.
Your quasit claws the hippogriff but does no damage.
Your quasit claws the hippogriff.
Your shadow imp hits the hippogriff.
The hippogriff closely misses your quasit.
The hippogriff misses your quasit.
The hippogriff barely misses your quasit.
Unknown command.
Your quasit bites the hippogriff.
Your quasit claws the hippogriff.
Your quasit claws the hippogriff but does no damage.
Your shadow imp hits the hippogriff.
Your quasit bites the hippogriff.
Your quasit claws the hippogriff but does no damage.
Your quasit completely misses the hippogriff.
The hippogriff bites your quasit but does no damage.
The hippogriff pecks your quasit. The hippogriff misses your quasit.
Your shadow imp hits the ogre.
Your quasit bites the ogre.
Your quasit barely misses the ogre.
Your quasit claws the ogre.
Something closely misses your quasit.
Something pecks your quasit but does no damage.
Something closely misses your quasit.
Unknown command.
You barely miss the ogre.
Your quasit bites the ogre but does no damage.
Your quasit claws the ogre. x2; The ogre hits you with a +0 giant club!
You die...

#..# #..# #..# ...
#..##.. #.# #..##.. .
..# #..##.... #.#
##########..##.... #..
.......@O5........###.#
#########5..####......#
#H#.####.##.#.##
#o#............. ##
#r##.######.#### ##.#
#.#...## #.# ##.#.#
#......## #.#
....#.####[......###.#
#....##............####


You could see an ogre, a friendly quasit and a friendly shadow imp.

Vanquished Creatures
  Sigmund (D:3)
  An ogre (D:3)
  A crimson imp (D:4)
  A worker ant (D:4)
  7 gnolls
  2 adders (D:3)
  An ooze (D:2)
  6 worms (D:2)
  A dart slug (D:3)
  3 leopard geckos
  3 orcs
  A ball python (D:3)
  A bat zombie (D:3)
  4 giant cockroaches
  4 goblins
  6 hobgoblins
  3 jackals (D:2)
  3 quokkas
  3 bats
  9 frilled lizards
  6 kobolds
  4 rats
  3 rat zombies (D:3)
74 creatures vanquished.

Vanquished Creatures (collateral kills)
  Jessica (D:2)
  Terence (D:3)
  3 gnolls (D:3)
5 creatures vanquished.

Grand Total: 79 creatures vanquished

Notes
Turn   | Place    | Note
-------+----------+-------------------------------------------
     0 | D:1      | LostNumber the Demonspawn Archaeologist began the quest for
                  | the Orb.
     0 | D:1      | Reached XP level 1. HP: 15/15 MP: 1/1
   379 | D:1      | Gained mutation: A weak demonic guardian rushes to your
                  | aid. [demonic ancestry]
   379 | D:1      | Reached XP level 2. HP: 8/21 MP: 2/2
  1181 | D:2      | Reached skill level 1 in Armour
  1329 | D:2      | Found a sparkling altar of Nemelex Xobeh.
  1357 | D:2      | Gained mutation: When seriously injured, your bleeding
                  | wounds create armour. (AC +9) [demonic ancestry]
  1357 | D:2      | Reached XP level 3. HP: 16/27 MP: 3/3
  1620 | D:2      | Noticed Jessica
  1631 | D:2      | Killed Jessica
  1807 | D:2      | Found a shattered altar of Ashenzari.
  2052 | D:2      | Reached XP level 4. HP: 32/34 MP: 4/4
  2713 | D:3      | Noticed Sigmund
  2742 | D:3      | Found a shimmering altar of Xom.
  2746 | D:3      | Found a stormy altar of Qazlal.
  2746 | D:3      | Found a radiant altar of Vehumet.
  2748 | D:3      | Found a bloodstained altar of Trog.
  2748 | D:3      | Found a glowing golden altar of the Shining One.
  2748 | D:3      | Found an ancient bone altar of Kikubaaqudgha.
  2748 | D:3      | Noticed Terence
  2769 | D:3      | Killed Terence
  2769 | D:3      | Reached XP level 5. HP: 40/40 MP: 5/5
  2769 | D:3      | Identified a scroll of acquirement
  2777 | D:3      | Identified the ring "Vonuonwi" {*Corrode rElec rN+ Int+4}
                  | (You acquired it on level 3 of the Dungeon)
  2840 | D:3      | Noticed an ogre
  2859 | D:3      | Killed an ogre
  2859 | D:3      | Reached skill level 1 in Long Blades
  2880 | D:3      | Reached skill level 1 in Shields
  3118 | D:3      | Gained mutation: When seriously injured, your bleeding
                  | wounds create thick armour. (AC +9) [demonic ancestry]
  3118 | D:3      | Reached XP level 6. HP: 40/47 MP: 6/6
  3168 | D:3      | Found an ancient bone altar of Kikubaaqudgha.
  3697 | D:3      | Killed Sigmund
  4015 | D:4      | Noticed a hippogriff
  4088 | D:4      | Mangled by an ogre

Skill      XL: |  1  2  3  4  5  6 |
---------------+-------------------+-----
Dodging        | 3 |  3.7
Armour         | 1 2 |  2.1
Fighting       | 2 3 |  3.9
Long Blades    | 1 3 |  3.1
Shields        | 1 2 |  2.0
Maces & Flails | |  0.8
Stealth        | |  3.0

Action                   |  1- 3 |  4- 6 || total
-------------------------+-------+-------++-------
Melee: Whip              |   182 |    60 ||   242
       Flail             |       |    26 ||    26
       Long sword        |       |    85 ||    85
  Use: Scroll            |       |     1 ||     1
 Stab: Sleeping          |     5 |     4 ||     9
  Eat: Chunk             |     8 |     9 ||    17
       Ration            |       |     1 ||     1
Armor: Robe              |    52 |    52 ||   104
Dodge: Dodged            |   116 |   123 ||   239
